 Dungeon Crawl Stone Soup version 0.30-a0-347-gf58ed5266c (webtiles) character file.

Game seed: 10353539986688992557

107 Zonian the Magician (level 5, -4/35 HPs)
             Began as a Djinni Ice Elementalist on Nov 6, 2022.
             Slain by a gnoll
             ... wielding a +0 halberd
              (13 damage)
             ... on level 3 of the Dungeon.
             The game lasted 00:03:47 (2338 turns).

Zonian the Magician (Djinni Ice Elementalist)       Turns: 2338, Time: 00:03:47

Health: -4/35      AC:  2    Str:  7    XL:     5   Next: 11%
Gold:   115        EV: 13    Int: 19    God:
                   SH:  0    Dex: 13

rFire   + + .      SeeInvis .    d - +0 dagger
rCold   x . .      Faith    .    (no shield)
rNeg    . . .      Spirit   .    a - +0 robe
rPois   ∞          Reflect  .    (no helmet)
rElec   .          Harm     .    (no cloak)
rCorr   .          Rampage  .    (no gloves)
Will    .....                    (boots unavailable)
Stlth   ++........               (no amulet)
HPRegen 0.25/turn                (no ring)
MPRegen 0.00/turn                (no ring)

@: flying
A: sickness immunity, fire resistance 2, cold vulnerability 1, float, innate
caster, HP casting, extra vitality 1
a: no special abilities


You were on level 3 of the Dungeon.
You visited 1 branch of the dungeon, and saw 3 of its levels.

You collected 115 gold pieces.

Inventory:

Hand Weapons
 d - a +0 dagger (weapon)
 k - a +0 short sword
Armour
 a - a +0 robe (worn)
Scrolls
 b - a scroll of blinking {unknown}
 c - a scroll of amnesia {unknown}
 e - 2 scrolls of identify {unknown}
 f - 3 scrolls of magic mapping {unknown}
 l - a scroll of enchant armour {unknown}
 n - 2 scrolls of fear {unknown}
Potions
 g - a potion of brilliance {unknown}
 h - a potion of attraction {unknown}
 i - a potion of lignification {unknown}
 j - a potion of heal wounds {unknown}
 m - a potion of cancellation {unknown}


   Skills:
 + Level 3.5 Dodging
 + Level 2.7 Stealth
 + Level 3.8 Spellcasting


You couldn't memorise any spells.
You knew the following spells:

 Your Spells              Type           Power      Damage    Failure   Level
a - Freeze                Ice            72%        1d8       2%          1
b - Frozen Ramparts       Ice            36%        1d6       9%          3
c - Ozocubu's Armour      Ice            18%        N/A       9%          3
d - Summon Ice Beast      Ice/Summ       18%        N/A       28%         4
e - Kiss of Death         Conj/Necr      72%        2d10      2%          1
f - Scorch                Fire           36%        2d7       4%          2
Your spell library was empty.

Dungeon Overview and Level Annotations

Branches:
Dungeon (3/15)

Altars:


Innate Abilities, Weirdness & Mutations

You are immune to sickness and miasma.
You are immune to poison.
Your flesh is very heat resistant. (rF++)
You are vulnerable to cold. (rC-)
You float through the air rather than walking.
You learn spells naturally, not from books.
Your magical power is your life essence.
You have superior vitality. (+4 MHP)


Message History

You barely miss the quokka. The quokka barely misses you. x2
Casting: Scorch (safe; 4% risk of failure)
Confirm with . or Enter, or press ? or * to list all spells.
Flames lash the quokka.
You kill the quokka!
Unknown command.
n - 2 scrolls labelled NYLEDA ACYNA (gained 1)
A gnoll comes into view. It is wielding a +0 spear.
A gnoll is nearby!
Unknown command.
A gnoll comes into view. It is wielding a +0 halberd.
The gnoll shouts!
A gnoll comes into view. It is wielding a +0 halberd.
The gnoll shouts! x2
The gnoll hits you from afar with a +0 spear.
Unknown command.
The gnoll hits you with a +0 spear. The gnoll barely misses you.
Unknown command.
Casting: Scorch (safe; 4% risk of failure)
Confirm with . or Enter, or press ? or * to list all spells.
Flames lash the gnoll but do no damage.
The gnoll misses you. The gnoll hits you with a +0 spear!
The gnoll closely misses you.
Unknown command.
Casting: Scorch (safe; 4% risk of failure)
Confirm with . or Enter, or press ? or * to list all spells.
Flames lash the gnoll.
The gnoll is moderately wounded.
The gnoll's fire resistance burns away.
You hear a shout!
The gnoll closely misses you. The gnoll hits you with a +0 spear!
The gnoll misses you.
You hear a shout!
Casting: Scorch (safe; 4% risk of failure)
Confirm with . or Enter, or press ? or * to list all spells.
Flames lash the gnoll.
The gnoll is burned terribly!
The gnoll is almost dead.
* * * LOW HITPOINT WARNING * * *
The gnoll barely misses you. x2
The gnoll hits you from afar with a +0 halberd!
You die...

#.... # #...# .#
#...# .. #...##.
$..... ..gg.
#.#g# #.#@#
#.###.#.#
.#......#.#
.#..###...##
...........#
##..###.##......
#..# #.# #####.
#..# #.#
#..###.####.#.


You could see 3 gnolls.

Vanquished Creatures
  3 gnolls (D:2)
  3 adders (D:2)
  A worm (D:2)
  4 ball pythons
  5 bats
  3 endoplasms
  2 giant cockroaches (D:1)
  3 goblins
  3 hobgoblins
  9 jackals
  A quokka (D:3)
  3 frilled lizards
  4 kobolds
  4 rats
48 creatures vanquished.

Notes
Turn   | Place    | Note
-------+----------+-------------------------------------------
     0 | D:1      | Zonian the Djinni Ice Elementalist began the quest for the
                  | Orb.
     0 | D:1      | Zonian set off with the following spells memorised: Freeze,
                  | Frozen Ramparts, Ozocubu's Armour, Summon Ice Beast.
     0 | D:1      | Reached XP level 1. HP: 15/15 MP: 0/0
   116 | D:1      | Reached XP level 2. HP: 18/21 MP: 0/0
   739 | D:1      | Reached XP level 3. HP: 25/25 MP: 0/0
   739 | D:1      | Learned a level 1 spell: Kiss of Death
  1208 | D:2      | Reached XP level 4. HP: 30/31 MP: 0/0
  1822 | D:2      | Reached XP level 5. HP: 13/35 MP: 0/0
  1822 | D:2      | Learned a level 2 spell: Scorch
  2338 | D:3      | Slain by a gnoll

Illustrated notes

Levels and vault maps discovered:
D:1:      psy_arrival_basics, layout_basic, chequers_hall_statues_corner_a
D:2:      layout_basic
D:3:      kennysheep_the_goblin_king, layout_loops_ring

Skill      XL: |  1  2  3 |
---------------+----------+-----
Stealth        | 2 |  2.7
Dodging        | 3 |  3.5
Spellcasting   | |  3.8

Action                   |  1- 3 |  4- 6 || total
-------------------------+-------+-------++-------
Melee: Dagger            |    21 |     4 ||    25
       Unarmed           |     1 |       ||     1
 Cast: Freeze            |    41 |    34 ||    75
       Scorch            |       |     7 ||     7
 Stab: Sleeping          |     1 |       ||     1
Armor: Robe              |    12 |     2 ||    14
Dodge: Dodged            |    38 |    32 ||    70

Table legend: (Time is in decaauts)
 A = Elapsed time spent in this place.
 B = Non-inter-level travel time spent in this place.
 C = Inter-level travel time spent in this place.
 D = Time resting spent in this place.
 E = Time spent auto-exploring this place.
 F = Levels seen in this place.
 G = Mean time per level.
                   A        B        C        D        E       F      G
               +--------+--------+--------+--------+--------+-----+--------+
         Total |   2336 |   2276 |     60 |    743 |   1106 |   3 |  778.7 |
       Dungeon |   2336 |   2276 |     60 |    743 |   1106 |   3 |  778.7 |
               +--------+--------+--------+--------+--------+-----+--------+

Top non-repeatable levels by time:
     D:1: 1381 daAuts
     D:2: 870 daAuts
     D:3: 84 daAuts
